 Dungeon Crawl Stone Soup version 0.28-a0-938-gbc3f381ebc (webtiles) character file.

Game seed: 14013454935671443598

21800 frimble the Grappler (level 12, -1/126 HPs)
             Began as a Troll Warper on Nov 30, 2021.
             Was a Believer of Cheibriados.
             Succumbed to a death drake's dark miasma
             ... on level 12 of the Dungeon.
             The game lasted 00:26:52 (13316 turns).

frimble the Grappler (Troll Warper)                Turns: 13316, Time: 00:26:53

Health: -1/126     AC: 10    Str: 27    XL:     12   Next: 57%
Magic:  10/13      EV:  9    Int: 18    God:    Cheibriados [**....]
Gold:   1523       SH:  0    Dex: 14    Spells: 9/13 levels left

rFire   . . .      SeeInvis .     - Unarmed
rCold   . . .      Faith    .   (no shield)
rNeg    . . .      Spirit   .   h - +0 acid dragon scales
rPois   +          Reflect  .   F - +2 hat
rElec   .          Harm     .   (no cloak)
rCorr   +          Rampage  .   (gloves unavailable)
Will    .....                   (boots unavailable)
Stlth   +.........              (no amulet)
HPRegen 1.11/turn               e - +4 ring of slaying
MPRegen 0.13/turn               o - ring of poison resistance

@: lethally poisoned (-1 -> -68), slowed, very slow
A: large, unfitting armour, claws 3, regeneration 1, shaggy fur 1, tough skin 1
a: Renounce Religion, Bend Time


You were on level 12 of the Dungeon.
You worshipped Cheibriados.
Cheibriados was pleased with you.
You visited 2 branches of the dungeon, and saw 14 of its levels.

You collected 3139 gold pieces.
You spent 1616 gold pieces at shops.

Inventory:

Hand Weapons
 a - a +2 vorpal hunting sling
Missiles
 c - 3 boomerangs of dispersal
 C - 3 javelins (quivered)
 J - 14 sling bullets
Armour
 h - +0 acid dragon scales (worn)
 y - a +2 robe of fire resistance
 F - a +2 hat (worn)
Jewellery
 e - a +4 ring of slaying (left claw)
 f - a ring of willpower
 o - a ring of poison resistance (right claw)
 A - a ring of resist corrosion
 B - a ring of protection from cold
 G - a ring of flight
Wands
 j - a wand of flame (7)
 s - a wand of mindburst (20)
 z - a wand of paralysis (11)
 E - a wand of polymorph (1)
 L - a wand of iceblast (23)
Scrolls
 b - a scroll of blinking
 d - 2 scrolls of magic mapping
 l - 3 scrolls of identify
 r - a scroll of amnesia
 u - 6 scrolls of teleportation
 v - 5 scrolls of enchant weapon
 x - a scroll of fog
 M - a scroll of brand weapon
Potions
 g - 2 potions of flight
 i - 2 potions of attraction
 k - a potion of heal wounds
 m - 2 potions of brilliance
 n - 3 potions of might
 p - 2 potions of resistance
 q - 8 potions of curing
 t - 3 potions of mutation
 w - a potion of ambrosia
 D - a potion of haste
 K - a potion of cancellation


   Skills:
 - Level 10.0 Fighting
 + Level 9.3 Throwing
 - Level 2.0 Dodging
 - Level 3.0 Shields
 - Level 11.0 Unarmed Combat
 - Level 1.4 Spellcasting
 - Level 7.0 Translocations
 - Level 3.0 Evocations


You had 9 spell levels left.
You knew the following spells:

 Your Spells              Type           Power      Damage    Failure   Level
a - Blink                 Tloc           52%        N/A       1%          2
b - Passwall              Tmut/Erth      0%         N/A       34%         2

Your spell library contained the following spells:

 Spells                   Type           Power      Damage    Failure   Level
 Gell's Gravitas          Tloc           26%        N/A       4%          3
 Lesser Beckoning         Tloc           26%        N/A       4%          3
 Teleport Other           Tloc           26%        N/A       4%          3
 Sandblast                Erth           2%         2d4       24%         1
 Slow                     Hex            4%         N/A       24%         1
 Scorch                   Fire           2%         2d5       34%         2
 Manifold Assault         Tloc           26%        N/A       36%         5
 Confusing Touch          Hex            1%         N/A       56%         3
 Stone Arrow              Conj/Erth      2%         3d7       56%         3
 Vampiric Draining        Necr           1%         2d6       56%         3
 Flame Wave               Conj/Fire      1%         2d4       93%         4
 Summon Ice Beast         Ice/Summ       1%         N/A       93%         4
 Summon Mana Viper        Hex/Summ       1%         N/A       100%        5
 Summon Cactus Giant      Summ           0%         N/A       100%        6
 Monstrous Menagerie      Summ           0%         N/A       100%        7


Dungeon Overview and Level Annotations

Branches:
Dungeon (12/15)            Temple (0/1) D:5            Lair (2/6) D:10
    Orc (0/2) D:10
  Swamp: Lair:2-4    Shoals: Lair:2-4     Snake: Lair:2-4    Spider: Lair:2-4

Altars:
Cheibriados
Elyvilon
Qazlal
Trog
Wu Jian
Yredelemnul
Beogh

Shops:
D:3 ?   D:4 *   D:10 [

Annotations:
D:9 3 runed translucent doors, oldmanjim's ghost, novice HOFi


Innate Abilities, Weirdness & Mutations

You are too large for most types of armour.
You have claws for hands.
Your natural rate of healing is unusually fast.
You are covered in fur. (AC +1)
You have tough skin. (AC +1)


Message History

You feel stable enough to blink again.
You feel very sick.
The death drake bites you but does no damage.
The death drake breathes miasma at you. The foul vapour engulfs you!
You are more poisoned.
You feel as though you will be slow longer.
Aiming: Paralyse
Press: ? - help, Shift-Dir - straight line, f/p - death drake
Aim: a death drake (foul pestilence, catching its breath, chance to affect: 37%)
The death drake easily resists.
You are engulfed in dark miasma.
You are more poisoned.
You feel extremely sick. The death drake bites you. The death drake misses you.
Aiming: Paralyse
Press: ? - help, Shift-Dir - straight line, f/p - death drake
Aim: a death drake (chance to affect: 37%)
The death drake easily resists.
You are engulfed in dark miasma.
You are lethally poisoned!
You feel as though you will be slow longer.
* * * LOW HITPOINT WARNING * * *
x2 You feel extremely sick.
The death drake breathes miasma at you. The foul vapour engulfs you!
* * * LOW HITPOINT WARNING * * *
The howler monkey is engulfed in dark miasma.
The howler monkey is poisoned.
The howler monkey seems to slow down.
The howler monkey hits you but does no damage.
The death drake bites you!
* * * LOW HITPOINT WARNING * * *
Casting: Blink (safe; 1% risk of failure)
Confirm with . or Enter, or press ? or * to list all spells.
Okay, then.
Unknown command.
Okay, then.
Unknown command.
You feel much better.
You are engulfed in dark miasma.
You are more poisoned.
* * * LOW HITPOINT WARNING * * *
You die...

###+# #....
#....
#....###
...°° ###°h#
#..°@# #..k°#
#..°°##
##+###.....#
#.#
#..........##
#.#
#...........#
...
#.....#####.#
#.# #....(
#.## #.#
#.... #..#
#.#######


You could see a death drake and a howler monkey (poisoned, slow).

Vanquished Creatures
  Gastronok (Lair:1)
  Erica (Lair:2)
  2 hydras (Lair:2)
  2 two-headed ogres
  6 death yaks (Lair:2)
  Nergalle (Lair:2)
  Pikel (D:4)
  Joseph (D:7)
  A black mamba (Lair:1)
  A gargoyle (D:12)
  5 cane toads
  An unseen horror (D:11)
  4 komodo dragons
  A polar bear (Lair:1)
  A troll (D:10)
  A meliai zombie (D:11)
  4 wyverns
  A vampire (D:10)
  3 yaks (Lair:1)
  A shadow (D:10)
  A basilisk (Lair:1)
  A steam dragon (D:10)
  10 vampire mosquitoes
  2 water moccasins
  2 acid dragons
  2 ice beasts
  A necrophage (D:9)
  A swamp drake (D:10)
  6 orc warriors
  A black bear (D:5)
  6 ogres
  5 centaurs
  A phantom (D:5)
  A kobold brigand (D:10)
  9 bullfrogs
  4 scorpions
  2 wyvern zombies
  2 gnoll sergeants (D:9)
  A water moccasin zombie (D:5)
  5 killer bees (D:7)
  2 wights (D:9)
  6 electric eels
  3 howler monkeys (D:10)
  A lava snake (Lair:2)
  A jelly (D:7)
  10 centaur zombies
  A human zombie (D:9)
  8 orc priests
  A bullfrog skeleton (D:5)
  2 hounds (D:6)
  3 iguanas
  7 orc wizards
  2 hound skeletons (D:4)
  A mummy (D:9)
  A howler monkey skeleton (D:6)
  3 howler monkey zombies
  12 gnolls
  5 adders
  An ufetubus (D:6)
  An adder zombie (D:2)
  An adder skeleton (D:4)
  5 worms
  A dart slug (D:1)
  33 orcs
  9 ball pythons
  4 bats
  A bat zombie (D:2)
  8 endoplasms
  4 giant cockroaches
  11 goblins
  9 hobgoblins
  4 jackals (D:1)
  7 kobolds
  3 quokkas
  A ball python zombie (D:2)
  2 frilled lizards
  6 rats
282 creatures vanquished.

Vanquished Creatures (collateral kills)
  A centaur zombie (D:8)
  2 lava snakes (Lair:2)
  A killer bee zombie (D:8)
4 creatures vanquished.

Vanquished Creatures (others)
  An orc wizard (D:10)
  An orc (D:10)
  8 fungi
  3 plants (Lair:2)
13 creatures vanquished.

Grand Total: 299 creatures vanquished

Notes
Turn   | Place    | Note
-------+----------+-------------------------------------------
     0 | D:1      | frimble the Troll Warper began the quest for the Orb.
     0 | D:1      | Reached XP level 1. HP: 19/19 MP: 1/1
    46 | D:1      | Reached skill level 1 in Throwing
    83 | D:1      | Reached XP level 2. HP: 28/28 MP: 3/3
   171 | D:1      | Reached XP level 3. HP: 28/35 MP: 4/4
   504 | D:1      | Learned a level 2 spell: Blink
   746 | D:2      | Reached XP level 4. HP: 42/42 MP: 5/5
   933 | D:3      | Found Teaxud's Magic Scroll Shoppe.
  1043 | D:3      | Found a bloodstained altar of Trog.
  1182 | D:3      | Reached skill level 3 in Unarmed Combat
  1284 | D:3      | Reached XP level 5. HP: 48/50 MP: 6/6
  1789 | D:4      | Reached XP level 6. HP: 38/61 MP: 7/7
  1845 | D:4      | Reached skill level 1 in Shields
  1893 | D:4      | Reached skill level 4 in Unarmed Combat
  2764 | D:4      | Found Qaogule's Assorted Antiques.
  2772 | D:4      | Bought a scroll labelled QASSASCHAAJU for 19 gold pieces
  2772 | D:4      | Bought a fizzy pink potion for 17 gold pieces
  2979 | D:5      | Entered Level 5 of the Dungeon
  2979 | D:5      | Noticed Pikel
  3048 | D:4      | Killed Pikel
  3049 | D:4      | Reached skill level 5 in Unarmed Combat
  3049 | D:4      | Reached XP level 7. HP: 41/70 MP: 8/8
  3192 | D:5      | Reached XP level 8. HP: 78/78 MP: 9/9
  3232 | D:5      | Identified the +1 robe of Impatience {Dex+4}
  3386 | D:5      | Reached skill level 5 in Fighting
  3386 | D:5      | Reached skill level 6 in Unarmed Combat
  3389 | D:5      | Reached skill level 5 in Translocations
  3560 | D:5      | Acquired 638 gold pieces
  3651 | D:5      | Found a staircase to the Ecumenical Temple.
  4053 | D:3      | Bought a scroll of acquirement for 520 gold pieces
  4053 | D:3      | Acquired 867 gold pieces
  4055 | D:3      | Bought a scroll of immolation for 35 gold pieces
  4055 | D:3      | Bought a scroll of blinking for 75 gold pieces
  4055 | D:3      | Bought 3 scrolls of teleportation for 90 gold pieces
  4055 | D:3      | Bought a scroll of teleportation for 30 gold pieces
  4055 | D:3      | Bought a scroll of enchant weapon for 75 gold pieces
  4055 | D:3      | Bought a scroll of magic mapping for 35 gold pieces
  4055 | D:3      | Bought a scroll of teleportation for 30 gold pieces
  4055 | D:3      | Bought a scroll of identify for 20 gold pieces
  4308 | D:6      | Reached XP level 9. HP: 88/88 MP: 10/10
  5007 | D:7      | Reached skill level 7 in Unarmed Combat
  5473 | D:7      | Noticed Joseph
  6289 | D:9      | Found a white marble altar of Elyvilon.
  6308 | D:9      | Reached skill level 8 in Unarmed Combat
  6328 | D:9      | Found a runed translucent gate.
  6332 | D:9      | Noticed oldmanjim's ghost (novice HOFi)
  6332 | D:9      | Learned a level 2 spell: Passwall
  6332 | D:9      | Found a runed translucent gate.
  6505 | D:9      | Found a runed translucent gate.
  6807 | D:9      | Found an ornate altar of the Wu Jian Council.
  6909 | D:8      | Reached XP level 10. HP: 40/100 MP: 11/11
  7077 | D:9      | Found a stormy altar of Qazlal.
  7096 | D:9      | Noticed a two-headed ogre
  7102 | D:9      | Killed a two-headed ogre
  7142 | D:9      | Found a basalt altar of Yredelemnul.
  7604 | D:10     | Entered Level 10 of the Dungeon
  7769 | D:10     | Reached skill level 9 in Unarmed Combat
  7851 | D:10     | Reached skill level 1 in Evocations
  8087 | D:10     | Found Nayguit's Antique Armour Emporium.
  8190 | D:10     | Found a snail-covered altar of Cheibriados.
  8528 | D:10     | Found a staircase to the Orcish Mines.
  9074 | D:7      | Found Nerofeal's Distillery.
  9096 | D:7      | Bought a potion of heal wounds for 50 gold pieces
  9096 | D:7      | Bought a potion of resistance for 100 gold pieces
  9096 | D:7      | Bought 2 potions of mutation for 160 gold pieces
  9096 | D:7      | Bought a potion of berserk rage for 50 gold pieces
  9096 | D:7      | Bought a potion of berserk rage for 50 gold pieces
  9096 | D:7      | Bought a potion of curing for 30 gold pieces
  9096 | D:7      | Bought a potion of curing for 30 gold pieces
  9096 | D:7      | Bought a potion of curing for 30 gold pieces
  9096 | D:7      | Bought a potion of curing for 30 gold pieces
  9096 | D:7      | Bought 2 potions of curing for 60 gold pieces
  9096 | D:7      | Bought a potion of might for 40 gold pieces
  9096 | D:7      | Bought a potion of brilliance for 40 gold pieces
  9145 | D:7      | Killed Joseph
  9348 | D:11     | Reached XP level 11. HP: 81/111 MP: 12/12
  9453 | D:11     | Noticed a two-headed ogre
  9510 | D:10     | Killed a two-headed ogre
  9511 | D:10     | Reached skill level 10 in Unarmed Combat
  9736 | D:10     | Became a worshipper of Cheibriados the Contemplative
  9920 | D:10     | Found a staircase to the Lair.
  9985 | Lair:1   | Entered Level 1 of the Lair of Beasts
 10244 | Lair:1   | HP: 5/113 [black mamba (15)]
 10383 | Lair:1   | Reached * piety under Cheibriados
 10817 | Lair:1   | Noticed Gastronok
 10891 | Lair:2   | Noticed Erica
 10904 | Lair:2   | Killed Erica
 11281 | Lair:2   | Noticed Nergalle
 11302 | Lair:2   | Killed Nergalle
 11303 | Lair:2   | Reached skill level 5 in Throwing
 11303 | Lair:2   | Reached skill level 11 in Unarmed Combat
 11512 | Lair:2   | Noticed a four-headed hydra
 11526 | Lair:2   | Killed a four-headed hydra
 11822 | Lair:2   | Noticed a death yak
 11822 | Lair:2   | Noticed a death yak
 11822 | Lair:2   | Noticed a death yak
 11822 | Lair:2   | Noticed a death yak
 11833 | Lair:2   | Killed a death yak
 11833 | Lair:2   | Noticed a death yak
 11836 | Lair:2   | Noticed a death yak
 11838 | Lair:2   | Killed a death yak
 11839 | Lair:2   | Reached XP level 12. HP: 85/126 MP: 13/13
 11843 | Lair:2   | Killed a death yak
 11846 | Lair:2   | Noticed a six-headed hydra
 11982 | Lair:2   | Killed a death yak
 12076 | Lair:2   | Killed a six-headed hydra
 12076 | Lair:2   | Killed a death yak
 12076 | Lair:2   | Killed a death yak
 12077 | Lair:2   | Reached skill level 10 in Fighting
 12429 | Lair:1   | Killed Gastronok
 12469 | Lair:1   | Reached ** piety under Cheibriados
 13170 | D:11     | Acquired 945 gold pieces
 13304 | D:12     | Noticed a four-headed hydra
 13310 | D:12     | a four-headed hydra changed into a death drake
 13315 | D:12     | HP: 1/126 [death drake (8)]
 13316 | D:12     | Succumbed to a death drake's dark miasma

Illustrated notes

Levels and vault maps discovered:
D:1:      dpeg_arrival_tiny_i, layout_loops_ring
D:2:      layout_basic, serial_undead, serial_undead_d, serial_undead_a,
          serial_undead_e, serial_undead_a
D:3:      layout_rooms, trog_hazing_becter, serial_shops, shop,
          minmay_quadrilaterals
D:4:      layout_loops_cross, serial_shops, shop, grunt_decor_one_mirror,
          minmay_misc_feat_enclosed, minmay_a_box_with_orc_wizards_in_it
D:5:      layout_loops_cross, minmay_temple_entry_ruins,
          cheibrodos_sewer_entry_bend, fountainhead, hex_large,
          dk_rats_in_the_wall, uniq_pikel
D:6:      layout_basic
D:7:      layout_basic, serial_shops, shop, uniq_joseph
D:8:      layout_basic
D:9:      layout_rooms, lemuel_mausoleum_altar_yredelemnul,
          mainiacjoe_overflow_surrounded_room, mainiacjoe_overflow_paths,
          kennysheep_little_box, biasface_ghost_orc_armoury,
          chequers_serial_rivers_small_b
D:10:     layout_gridville, slow_altar_1, erik_lair_dragon, erik_orc_2,
          serial_shops, nicolae_square_shop
D:11:     layout_gridville
D:12:     layout_basic, grunt_ministairs_8, einodemon_armed_red_devil_minivault
Lair:1:   layout_cave_pods, grunt_megastairs_3, uniq_gastronok
Lair:2:   layout_cave_pods, nicolae_lair_liquid_snakes, uniq_erica,
          uniq_nergalle

Skill      XL: |  1  2  3  4  5  6  7  8  9 10 11 12 |
---------------+-------------------------------------+-----
Throwing       | 1 5 9 |  9.3
Dodging        | 2 |  2.0
Fighting       | 2 3 4 5 6 8 9 10 | 10.0
Unarmed Combat | 3 5 6 8 9 11 | 11.0
Translocations | 3 4 5 6 7 |  7.0
Shields        | 2 3 |  3.0
Evocations     | 2 3 |  3.0
Spellcasting   | |  1.4

Action                   |  1- 3 |  4- 6 |  7- 9 | 10-12 || total
-------------------------+-------+-------+-------+-------++-------
Melee: Unarmed           |    90 |   227 |   295 |   411 ||  1023
       Punch             |       |     3 |    10 |    20 ||    33
 Fire: Hunting sling     |       |       |       |    15 ||    15
Throw: Javelin           |       |       |     7 |    12 ||    19
       Throwing net      |       |       |     2 |     1 ||     3
       Boomerang         |       |       |       |     3 ||     3
 Cast: Blink             |       |       |     8 |    16 ||    24
Evoke: Wand              |       |       |       |    34 ||    34
  Use: Scroll            |       |    10 |    14 |    12 ||    36
       Potion            |       |       |     1 |     9 ||    10
 Stab: Sleeping          |     2 |       |     2 |       ||     4
       Confused          |       |       |       |     1 ||     1
Armor: Robe              |    27 |    82 |    72 |    16 ||   197
       Acid dragon scale |       |       |       |   175 ||   175
       Skin              |       |       |       |     2 ||     2
Dodge: Dodged            |    48 |    96 |   170 |   207 ||   521

Table legend: (Time is in decaauts)
 A = Elapsed time spent in this place.
 B = Non-inter-level travel time spent in this place.
 C = Inter-level travel time spent in this place.
 D = Time resting spent in this place.
 E = Time spent auto-exploring this place.
 F = Levels seen in this place.
 G = Mean time per level.
                   A        B        C        D        E       F      G
               +--------+--------+--------+--------+--------+-----+--------+
         Total |  14162 |  13204 |    958 |    322 |  10086 |  14 | 1011.6 |
       Dungeon |  10539 |   9740 |    799 |    160 |   7159 |  12 |  878.2 |
          Lair |   3622 |   3464 |    158 |    162 |   2927 |   2 | 1811.0 |
               +--------+--------+--------+--------+--------+-----+--------+

Top non-repeatable levels by time:
  Lair:2: 1922 daAuts
    D:10: 1722 daAuts
  Lair:1: 1700 daAuts
     D:9: 1251 daAuts
     D:5: 1056 daAuts
     D:4: 1007 daAuts
     D:8: 954 daAuts
     D:7: 939 daAuts
     D:3: 836 daAuts
     D:6: 728 daAuts
     D:1: 671 daAuts
    D:11: 664 daAuts
     D:2: 607 daAuts
    D:12: 98 daAuts
